 Dungeon Crawl Stone Soup version 0.31-a0-152-g6aa68a64a1 (webtiles) character file.

Game seed: 11201608814808687503

197 qw the Chopper (level 5, 0/33 HPs)
             Began as a Gargoyle Fighter on June 10, 2023.
             Was an Initiate of Okawaru.
             Slain by an orc warrior
             ... wielding a +0 long sword
              (12 damage)
             ... on level 4 of the Dungeon.
             The game lasted 00:01:21 (2485 turns).

qw the Chopper (Gargoyle Fighter)                   Turns: 2485, Time: 00:01:22

Health: 0/33       AC: 15    Str: 22    XL:     5   Next: 75%
Magic:  5/5        EV:  8    Int:  8    God:    Okawaru [......]
Gold:   162        SH:  4    Dex:  9    Spells: 4/4 levels left

rFire   . . .        Y - +0 war axe
rCold   . . .        c - +0 buckler
rNeg    + . .        e - +0 chain mail
rPois   inf          (no helmet)
rElec   +            (no cloak)
rCorr   .            (no gloves)
SInv    .            h - +1 pair of boots
Will    .....        (no amulet) Stlth
                     (no ring)
HPRegen 0.25/turn    (no ring)
MPRegen 0.09/turn

%: no passive effects
@: no status effects
A: sickness immunity, AC +4, negative energy resistance 1, electricity
resistance, torment resistance 1, petrification resistance
a: Renounce Religion


You were on level 4 of the Dungeon.
You worshipped Okawaru.
Okawaru was noncommittal.
You visited 2 branches of the dungeon, and saw 5 of its levels.

You collected 162 gold pieces.


Innate Abilities, Weirdness & Mutations

You are immune to sickness and miasma.
Your stone body is resilient. (AC +4)
You are immune to poison.
You resist negative energy. (rN+)
You are resistant to electric shocks. (rElec)
You are resistant to unholy torment.
You are immune to petrification.


   Skills:
 + Level 3.7 Fighting
 - Level 5.0 Axes
 - Level 3.2 Armour
 - Level 3.2 Shields


You had 4 spell levels left.
You didn't know any spells.
Your spell library was empty.

Inventory:

Hand Weapons
 i - a +0 whip
 Y - a +0 war axe (weapon)
Missiles
 f - 5 boomerangs
Armour
 c - a +0 buckler (worn)
 e - a +0 chain mail (worn)
 h - a +1 pair of boots (worn)
Scrolls
 j - 2 scrolls of identify
Potions
 a - a potion of mutation {unknown}
 b - a potion of heal wounds {unknown}
 d - 2 potions of might
 g - a potion of resistance
 k - a potion of attraction
 l - a potion of lignification {unknown}

Dungeon Overview and Level Annotations

Branches:
Dungeon (4/15)             Temple (1/1) D:4

Altars:
Ashenzari
Dithmenos
Elyvilon
Fedhas
Gozag
Hepliaklqana
Kikubaaqudgha
Makhleb
Okawaru
Qazlal
Ru
Sif Muna
Trog
Uskayaw
Vehumet
Wu Jian
Xom
Yredelemnul
Zin


Message History

You miss the adder.
The adder is severely wounded.
The adder barely misses you. The adder bites you but does no damage.
You slash the adder!
You kill the adder!
Okawaru accepts your kill.
An orc warrior comes into view.
It is wielding a +0 long sword and wearing a +0 chain mail of positive energy.
The orc warrior shouts!
You hear a shout! x2
You see here a +1 scale mail of cold resistance.
Enter note: An orc priest comes into view.
It is wielding a +0 trident.
2475 ||| Stepping ~*~*~tactically~*~*~ (stealth).
You see here an adder corpse.
Enter note: An orc wizard comes into view.
It is wielding a +0 dagger.
You barely miss the orc warrior.
The orc warrior hits you but does no damage.
The orc wizard gestures at you while chanting.
You are confused.
You hear a shout!
The orc warrior hits you with a +0 long sword.
The orc warrior hits you with a +0 long sword.
The orc warrior hits you but does no damage.
An orc priest comes into view. It is wielding a +0 hand axe.
The orc warrior hits you with a +0 long sword!
You feel less confused.
The orc warrior hits you but does no damage.
The orc wizard hits you with a +0 dagger.
The orc priest barely misses you.
You barely miss the orc warrior. You slash the orc wizard!
The orc warrior hits you with a +0 long sword!
The orc priest hits you from afar with a +0 trident.
The orc wizard completely misses you.
You slash the orc wizard!
You kill the orc wizard!
Okawaru accepts your kill.
You hit the orc warrior but do no damage.
The orc priest hits you but does no damage.
The orc warrior hits you with a +0 long sword!
You die...

#### ... # #.#
.#####
#######.###..$..o
#.........o..#
####.#####..)#o.#
#..........@o...#
#.#...#####..#......
#.....# #..#######
#.....# #..# #..####
#).# #..# #..# #..#
#..# #..# #..#
#.####..########.


You could see an orc warrior and 2 orc priests.

Vanquished Creatures
  A scorpion (D:4)
  Natasha (twice) (D:3)
  An orc wizard (D:4)
  4 adders
  3 dart slugs
  2 orcs
  3 ball pythons
  4 bats
  An endoplasm (D:4)
  A giant cockroach (D:3)
  5 goblins
  11 hobgoblins
  5 frilled lizards
  5 kobolds
  4 rats
52 creatures vanquished.

Notes
Turn   | Place    | Note
-------+----------+-------------------------------------------
     0 | D:1      | qw the Gargoyle Fighter began the quest for the Orb.
     0 | D:1      | Reached XP level 1. HP: 14/14 MP: 1/1
     0 | D:1      | 0 ||| qw: Version: 0.2-a-29-g67ad517
     0 | D:1      | 0 ||| qw: Game counter: 3928
     0 | D:1      | 0 ||| qw: Always use a shield: true
     0 | D:1      | 0 ||| qw: God list: Okawaru
     0 | D:1      | 0 ||| qw: Allow faded altars: false
     0 | D:1      | 0 ||| qw: Do Orc after D:15 true
     0 | D:1      | 0 ||| qw: Do second Lair branch before Depths: true
     0 | D:1      | 0 ||| qw: Lair rune preference: random
     0 | D:1      | 0 ||| qw: Plans: Normal, Zot:1-4, Slime:5, God:TSO, Crypt,
                  | Tomb, Abyss, Pan, Hells, Win
     0 | D:1      | 0 ||| PLANNING D:1-11
    22 | D:1      | Reached skill level 2 in Axes
    95 | D:1      | 95 ||| Stepping ~*~*~tactically~*~*~ (stealth).
   100 | D:1      | Reached XP level 2. HP: 19/19 MP: 2/2
   192 | D:1      | 192 ||| DROPPING +0 club.
   456 | D:1      | 456 ||| UPGRADING to +0 chain mail.
   466 | D:1      | 466 ||| DROPPING +0 scale mail.
   467 | D:1      | 467 ||| READING scroll labelled ZAEHIY LOBROU.
   468 | D:1      | 468 ||| READING 2 scrolls labelled CUEDUO OWEPTO.
   469 | D:1      | 469 ||| READING scroll labelled OMYCRU HODGH.
   470 | D:1      | 470 ||| DRINKING 2 white potions.
   649 | D:2      | Reached skill level 3 in Axes
   688 | D:2      | Reached XP level 3. HP: 23/23 MP: 3/3
   826 | D:2      | 826 ||| Stepping ~*~*~tactically~*~*~ (hiding).
   827 | D:2      | 827 ||| Stepping ~*~*~tactically~*~*~ (hiding).
   828 | D:2      | 828 ||| Stepping ~*~*~tactically~*~*~ (hiding).
   994 | D:2      | Identified the +0 robe of Beogh's Inspiration {Regen+ Int+2
                  | Dex+5}
  1140 | D:2      | 1140 ||| READING scroll labelled UPOIP QUKUAWKI.
  1141 | D:2      | 1141 ||| READING scroll labelled CENNAH SUMEA.
  1142 | D:2      | 1142 ||| READING 3 scrolls of identify.
  1142 | D:2      | 1142 ||| IDENTIFYING fizzy brown potion
  1143 | D:2      | 1143 ||| READING 2 scrolls of identify.
  1143 | D:2      | 1143 ||| IDENTIFYING yellow potion
  1144 | D:2      | 1144 ||| DROPPING potion of berserk rage.
  1245 | D:3      | Noticed Natasha
  1246 | D:3      | 1246 ||| Stepping ~*~*~tactically~*~*~ (stealth).
  1248 | D:3      | 1248 ||| Stepping ~*~*~tactically~*~*~ (stealth).
  1265 | D:3      | 1265 ||| Stepping ~*~*~tactically~*~*~ (stealth).
  1266 | D:3      | 1266 ||| Stepping ~*~*~tactically~*~*~ (stealth).
  1267 | D:3      | 1267 ||| Stepping ~*~*~tactically~*~*~ (stealth).
  1270 | D:3      | 1270 ||| Stepping ~*~*~tactically~*~*~ (stealth).
  1271 | D:3      | 1271 ||| Stepping ~*~*~tactically~*~*~ (stealth).
  1272 | D:3      | 1272 ||| Stepping ~*~*~tactically~*~*~ (stealth).
  1276 | D:3      | 1276 ||| Stepping ~*~*~tactically~*~*~ (stealth).
  1294 | D:3      | 1294 ||| Stepping ~*~*~tactically~*~*~ (stealth).
  1296 | D:3      | 1296 ||| Stepping ~*~*~tactically~*~*~ (stealth).
  1299 | D:3      | 1299 ||| Stepping ~*~*~tactically~*~*~ (stealth).
  1300 | D:3      | 1300 ||| Stepping ~*~*~tactically~*~*~ (stealth).
  1301 | D:3      | 1301 ||| Stepping ~*~*~tactically~*~*~ (stealth).
  1388 | D:3      | Found a faded altar of an unknown god.
  1397 | D:3      | Reached XP level 4. HP: 28/28 MP: 4/4
  1491 | D:3      | 1491 ||| Stepping ~*~*~tactically~*~*~ (stealth).
  1507 | D:3      | 1507 ||| Stepping ~*~*~tactically~*~*~ (stealth).
  1519 | D:3      | Killed Natasha
  1520 | D:3      | Reached skill level 4 in Axes
  1746 | D:3      | Noticed Natasha
  1754 | D:3      | Killed Natasha
  1755 | D:3      | Reached XP level 5. HP: 31/32 MP: 5/5
  1815 | D:3      | 1815 ||| DROPPING ring of flight.
  1816 | D:3      | 1816 ||| READING scroll labelled UCOGYT YBAG.
  1836 | D:4      | Reached skill level 5 in Axes
  1863 | D:4      | 1863 ||| Stepping ~*~*~tactically~*~*~ (stealth).
  1887 | D:4      | Found a staircase to the Ecumenical Temple.
  1888 | D:4      | 1888 ||| PLANNING TEMPLE
  1888 | D:4      | 1888 ||| UPGRADING to +1 pair of boots.
  1901 | Temple   | Entered the Ecumenical Temple
  1944 | Temple   | 1944 ||| PLANNING OKAWARU WORSHIP
  2090 | Temple   | Became a worshipper of Warmaster Okawaru
  2090 | Temple   | 2090 ||| PLANNING D:1-11
  2205 | D:4      | 2205 ||| Stepping ~*~*~tactically~*~*~ (hiding).
  2207 | D:4      | 2207 ||| Stepping ~*~*~tactically~*~*~ (hiding).
  2210 | D:4      | 2210 ||| Stepping ~*~*~tactically~*~*~ (hiding).
  2471 | D:4      | Noticed an orc warrior
  2475 | D:4      | 2475 ||| Stepping ~*~*~tactically~*~*~ (stealth).
  2485 | D:4      | Slain by an orc warrior

Levels and vault maps discovered:
D:1:      erik_arrival_blinker_ship, layout_rooms
D:2:      layout_rooms, serial_corexii_hall, corexii_hall_statues_u,
          chequers_hall_statues_y, corexii_hall_statues_i,
          corexii_hall_statues_s
D:3:      layout_loops_ring, shapermc_ecumenical_altar_rom_forum,
          chequers_serial_rivers_large_a, minmay_splitting_lines, uniq_natasha
D:4:      layout_loops_ring, minmay_temple_entry_glassed_door
Temple:   nicolae_temple_bog_church

Skill      XL: |  1  2  3  4  5 |
---------------+----------------+-----
Axes           | 2 3 4 5 |  5.0
Fighting       | |  3.7
Armour         | |  3.2
Shields        | |  3.2

Action                     |  1- 3 |  4- 6 || total
---------------------------+-------+-------++-------
  Melee: War axe           |    83 |    78 ||   161
    Use: Scroll            |     7 |     1 ||     8
         Potion            |     1 |       ||     1
 Armour: Scale mail        |    24 |       ||    24
         Chain mail        |    12 |    47 ||    59
  Dodge: Dodged            |    38 |    25 ||    63
  Block: Buckler           |    16 |    18 ||    34

Table legend:
 A = Non-vault XP
 B = Vault XP
 C = Vault XP percentage of total XP
 D = Non-vault monster count
 E = Vault monster count
 F = Vault count percentage of total count
                 A         B        C        D         E       F
            +---------+---------+-------+---------+---------+-------
      Total |     282 |      35 |  11.0 |      51 |       1 |   1.9
            +---------+---------+-------+---------+---------+-------
        D:1 |      27 |       0 |   0.0 |      17 |       0 |   0.0
        D:2 |      14 |       0 |   0.0 |       6 |       0 |   0.0
        D:3 |      92 |      35 |  27.6 |      14 |       1 |   6.7
        D:4 |     149 |       0 |   0.0 |      14 |       0 |   0.0
            +---------+---------+-------+---------+---------+-------
